Map: Mothership LE

Players

SCIInewby

  • Race: Terran Terran
  • League: Master
  • Spawn Location: 9:00

Storm - Winner!

  • Race: Zerg Zerg
  • League: Master
  • Spawn Location: 6:00

VOD

Have the link to the VOD?

Description

Time

  • Played on: Feb. 11, 2026, 2:56 p.m.
  • Length: 9:33
Show
View Real Time Build Order
Export as new Build Order

SCIInewby Terran 

Build Orders:  

Get SALT Encoding   

  12  0:01  SCV  
  13  0:13  SCV  
  14  0:20  Supply Depot  
  14  0:26  SCV  
  15  0:42  Supply Depot  
  15  0:50  Barracks  
  15  0:54  SCV  
  16  1:07  Engineering Bay  
  16  1:17  SCV, Refinery  
  17  1:29  Barracks  
  17  1:43  Bunker  
  17  1:53  Marine  
  18  2:11  Marine  
  19  2:26  Factory  
  19  2:34  Barracks Tech Lab  
  19  2:40  SCV  
  20  2:54  Command Center, Marine  
  20  2:58  Marine  
  22  3:12  Refinery, SCV  
  23  3:19  Marine  
  23  3:21  Marine  
  23  3:24  SCV  
  26  3:35  Supply Depot  
  26  3:51  Widow Mine  
  28  3:57  Reaper  
  28  3:58  Reaper  
  30  4:11  Starport  
  30  4:21  Starport  
  30  4:33  Reaper  
  31  4:53  SCV  
  31  4:57  Orbital Command  
  32  5:02  Terran Infantry Weapons Level 1  
  32  5:05  SCV  
  33  5:17  SCV  
  32  5:29  SCV  
  33  5:35  SCV  
  33  5:40  Marine x2  
  33  5:41  SCV  
  33  5:42  Combat Shield  
  36  5:53  Refinery  
  36  5:55  Refinery  
  36  5:58  Marine  
  36  6:01  Medivac  
  39  6:17  SCV  
  41  6:22  Orbital Command  
  40  6:28  Marauder  
  40  6:29  Marine, SCV  
  44  6:34  Starport Tech Lab  
  44  6:41  SCV  
  44  6:44  Starport Reactor  
  45  6:47  Marine  
  45  6:49  Marauder  
  45  6:52  SCV  
  45  6:53  SCV  
  50  7:02  Sensor Tower  
  50  7:04  SCV  
  50  7:06  SCV  
  54  7:11  Cloaking Field  
  52  7:16  SCV  
  52  7:18  SCV  
  54  7:28  Supply Depot  
  54  7:29  Supply Depot  
  54  7:49  Banshee, SCV x2  
  54  7:50  Barracks Tech Lab  
  59  8:01  SCV x2  
  61  8:09  Fusion Core  
  61  8:10  Marine x2  
  63  8:13  SCV x2  
  65  8:21  Medivac x2  
  65  8:25  SCV x2  
  71  8:27  Marine x2  
  71  8:28  Command Center  
  71  8:32  Banshee  
  75  8:45  Marine x2  
  61  9:03  Marine x2  
  57  9:15  SCV  
Show
View Real Time Build Order
Export as new Build Order

Storm Zerg - Winner!

Build Orders: Hatch First 

Get SALT Encoding   

  12  0:00  Drone  
  13  0:08  Drone  
  14  0:17  Overlord  
  14  0:35  Drone x2  
  16  0:46  Hatchery  
  15  0:52  Drone  
  16  1:06  Spawning Pool  
  16  1:10  Drone  
  16  1:15  Drone  
  17  1:20  Extractor, Drone  
  17  1:26  Drone  
  18  1:33  Drone  
  19  1:45  Drone  
  20  1:50  Extractor  
  20  1:53  Drone  
  20  1:55  Queen  
  20  1:58  Queen  
  24  2:05  Overlord  
  24  2:17  Drone x3  
  27  2:26  Roach Warren  
  26  2:38  Lair  
  26  2:46  Queen  
  28  2:56  Overlord  
  28  3:05  Evolution Chamber  
  27  3:06  Drone  
  27  3:10  Drone  
  29  3:14  Drone  
  29  3:15  Drone x2  
  32  3:21  Drone  
  32  3:22  Drone  
  34  3:32  Queen  
  36  3:42  Zerg Missile Weapons Level 1  
  36  3:44  Drone x2  
  36  3:46  Drone  
  36  3:48  Drone  
  40  3:55  Overlord  
  40  3:58  Overlord  
  40  4:13  Drone  
  40  4:14  Drone x3  
  40  4:16  Overlord x2  
  44  4:19  Glial Reconstitution  
  44  4:25  Burrow  
  44  4:28  Overseer  
  44  4:33  Queen  
  44  4:38  Drone x3  
  49  4:42  Extractor x2  
  46  5:14  Hatchery  
  45  5:30  Drone  
  46  5:48  Roach x2  
  46  5:49  Roach x4  
  58  6:01  Roach x2  
  62  6:08  Hydralisk Den  
  62  6:09  Tunneling Claws  
  61  6:11  Metabolic Boost  
  61  6:15  Zerg Ground Armor Level 1  
  61  6:18  Evolution Chamber  
  60  6:20  Spore Crawler  
  60  6:24  Evolution Chamber  
  58  6:28  Drone  
  58  6:29  Drone  
  58  6:30  Drone x2  
  58  6:31  Drone  
  63  6:34  Roach x5  
  63  6:35  Overlord  
  63  6:36  Overlord  
  73  6:56  Hydralisk x5  
  73  6:57  Hydralisk  
  73  6:59  Roach  
  87  7:24  Drone x3  
  87  7:25  Overlord  
  87  7:26  Overlord x6  
  90  7:42  Spore Crawler  
  89  8:02  Hatchery  
  88  8:18  Muscular Augments  
  88  8:22  Roach x3  
  88  8:23  Roach x4, Hydralisk  
  88  8:24  Hydralisk  
  102  8:53  Hydralisk x3  
  102  8:54  Hydralisk x2  
  102  8:55  Roach x3  
Tags
 
Matchup
TvZ
Replay Pack
vannon
Spawn Locations
Close Positions
Add a new tag
Caveats
  • Supply blocks, unpowered buildings, or Contaminate may cause inaccurate times.
  • Supply counts are checked every 10 seconds.